[Event "Istanbul Open 2018"]
[Site "Istanbul"]
[Date "2018.09.05"]
[Round "6"]
[White "Akin, Yagiz Cinar"]
[Black "Tahaoglu, Ugur Barkin"]
[Result "1-0"]
[ECO "C42"]
[WhiteElo "1963"]
[BlackElo "1893"]
[Annotator "NA"]
[PlyCount "49"]
[EventDate "2018.09.02"]
[EventType "swiss"]
[EventCountry "TUR"]
[SourceTitle "playchess.com"]
[Source "ChessBase"]
[SourceQuality "1"]
[TimeControl "5400+30"]

1. e4 e5 2. Nf3 Nf6 3. Nxe5 d6 4. Nf3 Nxe4 5. Nc3 Nxc3 6. dxc3 Be7 7. Be3 Nc6 8. Qd2 Be6 9. O-O-O Qd7 10. Kb1 a6 11. h3 h6 12. g4 O-O-O 13. Bg2 Bf6 14. Nd4 Nxd4 15. Bxd4 Kb8 16. Bxf6 gxf6 17. f4 f5 18. g5 hxg5 19. fxg5 Rh4 20. Qf2 Rdh8 21. Rd4 f4 22. Rxf4 Rxf4 23. Qxf4 Rxh3 24. Bxh3 Bxh3 25. Qe3 1-0

[Event "Istanbul Open 2018"]
[Site "Istanbul"]
[Date "2018.09.05"]
[Round "6"]
[White "Mehrinejad, Mansour"]
[Black "Bagci, Hikmet"]
[Result "1-0"]
[ECO "D03"]
[WhiteElo "1839"]
[BlackElo "1619"]
[Annotator "NA RC"]
[PlyCount "113"]
[EventDate "2018.09.02"]
[EventType "swiss"]
[EventCountry "TUR"]
[SourceTitle "playchess.com"]
[Source "ChessBase"]
[SourceQuality "1"]
[TimeControl "5400+30"]

1. d4 Nf6 2. Bg5 d5 3. Nf3 e6 4. e3 Be7 5. Bd3 Nbd7 6. O-O O-O 7. Nbd2 c5 8. c3 a6 9. Ne5 Nxe5 10. dxe5 {[%emt 0:00:30] D03: 1 d4 d5 2 Nf3 Nf6 3 Bg5, including Torre Attack with early ...d5} Nd7 11. Bxe7 (11. Bf4 b5 12. a4 Rb8 13. axb5 axb5 14. b4 d4 15. cxd4 cxd4 16. Ne4 dxe3 17. fxe3 Bb7 {1-0 (29) Delgado Ramirez,N (2534)-Escobar Forero,A (2457) Havana 2006}) 11... Qxe7 12. f4 f5 13. Qh5 $146 ({Predecessor:} 13. g4 b5 14. gxf5 exf5 15. Rf3 c4 16. Bc2 Nc5 17. Rh3 Bb7 {1-0 (32) Beltz,M (2185)-Jahn,C (2210) Germany 1992}) 13... c4 14. Bc2 Nc5 15. Nf3 Bd7 16. Ng5 h6 17. Nf3 Ne4 18. Bxe4 dxe4 19. Nd4 Be8 20. Qh3 Rd8 21. Kh1 h5 22. Rg1 g6 23. Qg3 Kh7 24. h3 Bf7 25. Rad1 Rd5 26. Rd2 Rfd8 27. Qe1 h4 28. g3 hxg3 29. Qxg3 Rh8 30. h4 Qe8 31. Rh2 Rg8 32. Kg2 Rd7 33. Kf2 Qf8 $2 {[%emt 0:04:30] [#]} (33... Qd8 $16 {war nötig.} 34. Qg5 Rh8) 34. Qg5 (34. h5 $142 $1 gxh5 {[#]} 35. Nxe6 $1 Rd2+ 36. Kf1 Rd1+ 37. Ke2) 34... Qe7 $2 {[%emt 0:08:44] [#]} (34... Qe8 {is tougher.} 35. Qf6 Qe7) 35. h5 $1 Qxg5 36. hxg6+ ({Und nicht} 36. Rxg5 gxh5 37. Rxg8 Kxg8 $15) 36... Kg7 37. Rxg5 Bxg6 38. Nxe6+ Kf7 39. Nd4 Kf8 40. Ke2 Rh7 41. Rxh7 Bxh7 42. Rxg8+ Kxg8 43. Ne6 Bg6 44. Nc5 Kf7 45. Nxb7 Ke7 46. Nd6 Ke6 47. Nxc4 Kd5 48. Nd6 Bh5+ 49. Kd2 Bg4 50. c4+ Kc5 51. Kc3 a5 52. b3 Bh3 53. a3 Bg4 54. b4+ axb4+ 55. axb4+ Kc6 56. Nb5 Bh5 57. Nd4+ 1-0

[Event "Istanbul Open 2018"]
[Site "Istanbul"]
[Date "2018.09.05"]
[Round "6"]
[White "Gonullu, Muhammed Sinan"]
[Black "Tirak, Mert"]
[Result "0-1"]
[ECO "A45"]
[WhiteElo "1816"]
[BlackElo "1941"]
[Annotator "NA RC"]
[PlyCount "114"]
[EventDate "2018.09.02"]
[EventType "swiss"]
[EventCountry "TUR"]
[SourceTitle "playchess.com"]
[Source "ChessBase"]
[SourceQuality "1"]
[TimeControl "5400+30"]

1. d4 Nf6 2. Bg5 e6 3. e4 h6 4. Bxf6 Qxf6 5. c3 b6 {[%emt 0:00:30] A45: Trompowsky Attack} (5... d6 6. Bd3 g6 7. Ne2 Bg7 8. O-O O-O 9. f4 Qe7 10. e5 b6 11. Nd2 Bb7 12. Be4 Bxe4 13. Nxe4 Rd8 14. Qe1 {0-1 (62) Moiseenko,A (2667)-Wang,Y (2690) Riadh 2017}) 6. Nd2 Bb7 7. Ngf3 d5 8. exd5 $146 ({Predecessor:} 8. Bd3 Qd8 9. Ne5 Bd6 10. Qa4+ c6 11. f4 O-O 12. exd5 exd5 {1-0 (40) Dimakiling,O (2491)-Atutubo,R (2330) Manila 2007}) 8... exd5 9. a4 Bd6 10. Bd3 O-O 11. O-O c5 12. Re1 Nc6 13. Bb5 Ne7 14. Bf1 g5 15. Ne5 Bxe5 16. dxe5 Qg7 17. a5 Ng6 18. axb6 axb6 19. Rxa8 Bxa8 20. Qb3 Rb8 21. e6 f5 22. Qb5 Qc7 23. Qd7 Qxd7 24. exd7 Kf7 25. Bb5 Ne7 26. Nf3 Rd8 27. Ne5+ Kf6 28. f3 d4 29. cxd4 cxd4 30. Nc4 Bc6 31. Bxc6 Nxc6 32. Nxb6 d3 33. Rd1 Ne5 34. Kf2 f4 35. g3 Ke6 36. gxf4 gxf4 37. Rd2 $2 {[%emt 0:02:30] [#]} (37. b3 $14 {stays ahead.}) 37... Kd6 $1 38. Rd1 Kc6 39. Na4 Rxd7 40. Rc1+ Kb5 41. Nc3+ Kc4 ({Black should play} 41... Kb4 $17 42. Ne4 d2) 42. Re1 (42. Nd1+ $15 Kb3 43. Rc3+ Kb4 44. Rc8) 42... Nf7 43. Re4+ {[%emt 0:00:27] [#]} Rd4 $1 44. Re7 Nd6 45. Ke1 Kb3 46. Nd1 Kc2 47. Rc7+ Rc4 48. Rg7 $2 (48. Rd7 Nb5 49. Nf2) 48... d2+ 49. Ke2 Nf5 50. Rg1 Rc8 51. Nc3 Nd4+ 52. Kf2 Kxb2 53. Ne4 $19 Kc2 54. Nxd2 Kxd2 55. Rg6 Re8 56. Rxh6 Re2+ 57. Kf1 Ke3 0-1

[Event "Istanbul Open 2018"]
[Site "Istanbul"]
[Date "2018.09.05"]
[Round "6"]
[White "Dogan, Sevval"]
[Black "Tahaoglu, Erkin"]
[Result "0-1"]
[ECO "A00"]
[WhiteElo "1808"]
[BlackElo "1613"]
[Annotator "NA"]
[PlyCount "68"]
[EventDate "2018.09.02"]
[EventType "swiss"]
[EventCountry "TUR"]
[SourceTitle "playchess.com"]
[Source "ChessBase"]
[SourceQuality "1"]
[TimeControl "5400+30"]

1. e4 d5 2. Nc3 dxe4 3. Nxe4 Bf5 4. Ng3 Bg6 5. d4 Nf6 6. N1e2 c5 7. c3 Nc6 8. Qa4 e6 9. Bg5 Qb6 10. b3 Nd5 11. Bd2 Bd3 12. c4 Ndb4 13. Bxb4 Qxb4+ 14. Qxb4 Nxb4 15. Kd2 O-O-O 16. a3 Bxe2 17. axb4 Bxf1 18. Rhxf1 cxd4 19. c5 Kb8 20. f4 g6 21. Kd3 Be7 22. Ne4 h5 23. Rfd1 f5 24. Nd2 g5 25. fxg5 Bxg5 26. Nf3 Be3 27. b5 $2 (27. Ra5 $17) 27... Rhe8 28. Ra2 e5 29. Kc4 $17 d3 30. g3 e4 31. Nd2 Bh6 32. Rda1 Bg7 33. Re1 Rd4+ 34. Kc3 Ra4# 0-1

[Event "Istanbul Open 2018"]
[Site "Istanbul"]
[Date "2018.09.05"]
[Round "6"]
[White "Kavacik, Ahmet"]
[Black "Goekkaya, Murat Bora"]
[Result "1-0"]
[ECO "D03"]
[WhiteElo "1800"]
[BlackElo "1611"]
[Annotator "NA RC"]
[PlyCount "77"]
[EventDate "2018.09.02"]
[EventType "swiss"]
[EventCountry "TUR"]
[SourceTitle "playchess.com"]
[Source "ChessBase"]
[SourceQuality "1"]
[TimeControl "5400+30"]

1. d4 Nf6 2. Nf3 g6 3. Bg5 d5 4. Nbd2 Nbd7 5. e3 Bg7 6. c4 c6 {[%emt 0:01:30] D03: Damenbauernspiele} 7. Bd3 (7. h3 O-O 8. Rc1 Re8 9. cxd5 cxd5 10. Bf4 Qa5 11. a3 Ne4 12. Bd3 Nxd2 13. Qxd2 Qxd2+ 14. Kxd2 {½-½ (40) Balog,I (2540)-Papp,G (2597) Ajka 2018}) 7... O-O 8. O-O h6 9. Bh4 Re8 10. b4 $146 ({Vorgänger:} 10. Qc2 Nb6 11. Ne5 dxc4 12. Ndxc4 Be6 13. Na5 Qc8 14. a3 Ng4 15. Nxg4 Bxg4 16. f3 {0-1 (39) Giretti Kanev,J (2221)-Saldano Dayer,H (2436) Campillos 2006}) 10... e5 11. cxd5 cxd5 12. dxe5 Nxe5 13. Nxe5 Rxe5 14. Nf3 Bg4 15. h3 Bxf3 16. Qxf3 Qb6 17. a4 Ne4 18. a5 Qe6 19. Rad1 Rf5 20. Qg4 h5 21. Qe2 g5 22. Bxe4 Qxe4 23. Bg3 h4 24. Bd6 Rd8 25. Bc5 a6 26. Qd3 Re8 27. Qe2 d4 28. Qg4 ({Besser ist} 28. Rd3 $16) 28... dxe3 29. Qxe4 Rxe4 30. Rd8+ Kh7 31. fxe3 Rxf1+ 32. Kxf1 Kg6 $2 (32... Bc3 $11) 33. Rd7 (33. Rg8 $18) 33... f5 $18 (33... Rc4 34. Rxb7 Be5) 34. Rxb7 Bc3 35. Ke2 Kf6 36. Kd3 Be1 37. Bd4+ Ke6 38. b5 Bxa5 39. bxa6 1-0

[Event "Istanbul Open 2018"]
[Site "Istanbul"]
[Date "2018.09.05"]
[Round "6"]
[White "Sar, Can"]
[Black "Eryilmaz, Emre"]
[Result "1-0"]
[ECO "B12"]
[WhiteElo "1800"]
[BlackElo "1432"]
[Annotator "NA"]
[PlyCount "87"]
[EventDate "2018.09.02"]
[EventType "swiss"]
[EventCountry "TUR"]
[SourceTitle "playchess.com"]
[Source "ChessBase"]
[SourceQuality "1"]
[TimeControl "5400+30"]

1. e4 c6 2. d4 d5 3. e5 Bf5 4. Nf3 e6 5. Be2 Nd7 6. O-O c5 7. Be3 Ne7 8. c4 Bxb1 {[%emt 0:09:30] B12: Caro-Kann (Vorstoß-Variante)} (8... dxc4 9. Na3 c3 10. Nb5 Nd5 11. Nxc3 Nxc3 12. bxc3 Be7 13. dxc5 Bxc5 14. Qa4 Bxe3 15. Rad1 a6 16. fxe3 b5 17. Qf4 {1-0 (25) Shirov,A (2739)-Eljanov,P (2755) Moscow 2010 CBM 139 [CB]}) 9. Rxb1 Nc6 $146 ({Vorgänger:} 9... dxc4 10. Bxc4 Nf5 11. d5 Qb6 12. dxe6 fxe6 13. Ng5 Nxe5 14. Bxe6 Nxe3 15. fxe3 Be7 16. Qd5 Bf6 17. Nf7 Ke7 18. Nxe5 Rad8 19. Bd7 Rhf8 20. Rbd1 {1-0 (20) Kociscak,J (2285)-Lys,J (2174) Ostrava 2011}) 10. cxd5 exd5 11. Qb3 c4 12. Qxb7 Nb4 13. Qb5 Rb8 14. Qa4 Rb6 15. a3 Ra6 16. Qd1 Nc6 17. b3 Na5 18. bxc4 Nxc4 19. Bg5 Be7 20. Bxe7 Qxe7 21. Bxc4 dxc4 22. d5 O-O 23. Rb7 Rb8 24. Rxb8+ Nxb8 25. Qc2 Qc7 26. d6 Qc6 27. Qc3 Nd7 28. h3 h6 29. Rc1 Nb6 30. Nd4 Qc5 31. Nc2 Nd7 32. Rd1 Ra5 33. Nb4 Qxe5 34. Qxc4 Qe6 35. Qd3 Re5 36. Nc2 a5 $16 37. Ne3 f5 38. g3 g5 39. Rc1 f4 40. Rc8+ Kg7 41. Ng4 Rd5 42. Qc3+ Nf6 43. Nxf6 Qxf6 44. Rg8+ 1-0

[Event "Istanbul Open 2018"]
[Site "Istanbul"]
[Date "2018.09.05"]
[Round "6"]
[White "Kelpetin, Umut Can"]
[Black "Ozveren, Ali Bulent"]
[Result "0-1"]
[ECO "B06"]
[WhiteElo "1798"]
[BlackElo "1849"]
[Annotator "NA RC"]
[PlyCount "64"]
[EventDate "2018.09.02"]
[EventType "swiss"]
[EventCountry "TUR"]
[SourceTitle "playchess.com"]
[Source "ChessBase"]
[SourceQuality "1"]
[TimeControl "5400+30"]

1. e4 c6 2. d4 g6 3. Nc3 Bg7 4. Bc4 e6 5. d5 {[%emt 0:01:30] B06: Modern Defence} (5. Nf3 d5 6. Bd3 Nd7 7. Bf4 Ne7 8. Qd2 O-O 9. O-O c5 10. Nb5 Nf6 11. Bc7 Qe8 12. exd5 Nfxd5 {1-0 (32) Lenderman,A (2600)-Abdulov,O (2372) Baku 2016}) 5... b5 6. Bb3 b4 7. Na4 Qh4 $146 ({Predecessor:} 7... Nf6 8. dxe6 fxe6 9. Qd4 O-O 10. Bg5 Nxe4 11. Bxe6+ Kh8 12. Qxe4 Qxg5 {1-0 (28) Dongre,R (2225)-Kakageldyev,A (2455) Kolkata 1994}) 8. Qf3 Nf6 9. Bf4 O-O 10. O-O-O cxd5 11. exd5 Bb7 12. g3 Qh5 13. Qxh5 gxh5 14. Nc5 Bxd5 15. Bxd5 Nxd5 16. Bd6 Rc8 17. Ne2 Rc6 18. Bxb8 Rxb8 19. Nb3 Rc7 20. Kb1 Nb6 21. Rc1 Na4 22. Ned4 Rc4 23. Rhd1 h4 24. f4 hxg3 25. hxg3 d5 26. Na5 (26. Rd3 $17 {war nötig.}) 26... Rbc8 27. Nxc4 Rxc4 28. c3 bxc3 29. b3 {[%emt 0:00:02] [#]} c2+ $1 30. Rxc2 Nc3+ 31. Kc1 (31. Rxc3 $142 Rxc3 32. g4) 31... Nxa2+ $19 ({Inferior is} 31... Nxd1 32. bxc4 Ne3 33. c5 $11) 32. Kb2 Bxd4+ 0-1

[Event "Istanbul Open 2018"]
[Site "Istanbul"]
[Date "2018.09.05"]
[Round "6"]
[White "Sarikavak, Serdar Ihsan"]
[Black "Guven, Oguz Kagan"]
[Result "0-1"]
[ECO "B92"]
[WhiteElo "1798"]
[BlackElo "2022"]
[Annotator "NA"]
[PlyCount "52"]
[EventDate "2018.09.02"]
[EventType "swiss"]
[EventCountry "TUR"]
[SourceTitle "playchess.com"]
[Source "ChessBase"]
[SourceQuality "1"]
[TimeControl "5400+30"]

1. e4 c5 2. Nf3 d6 3. d4 cxd4 4. Nxd4 Nf6 5. Nc3 a6 6. Be2 e5 7. Nb3 Be7 8. O-O O-O 9. f4 Nc6 10. Kh1 b5 {[%emt 0:04:30] B92: Sizilianisch (Najdorf-Variante mit 6.Le2)} 11. Bf3 Bb7 (11... Na5 12. Nxa5 Qxa5 13. fxe5 dxe5 14. Bg5 Bb7 15. Qe1 Qc7 16. a3 Ne8 17. Bxe7 Qxe7 18. a4 {0-1 (53) Dervishi,E (2552)-Ibrahimov,R (2518) Riadh 2017}) 12. f5 Na5 13. Bg5 $146 ({Vorgänger:} 13. Nxa5 Qxa5 14. a3 b4 15. Na2 d5 16. axb4 Qb6 17. exd5 e4 18. Be2 Nxd5 {0-1 (35) Umudova,N (2230)-Khalafova,N (2065) Tbilisi 2011}) 13... Nc4 14. Nd2 Rc8 15. Nxc4 Rxc4 16. Rc1 b4 17. Bxf6 Bxf6 18. Nd5 Bg5 19. Rb1 Bxd5 20. Qxd5 Rxc2 21. Rfd1 (21. Qd3 $15 Rc6 22. Bd1) 21... Bf4 22. Bg4 Qh4 23. Bh3 {[%emt 0:00:02] [#]} Rfc8 $19 24. Qxd6 Rxg2 25. Kxg2 Rc2+ 26. Kg1 Qf2+ 0-1

[Event "Istanbul Open 2018"]
[Site "Istanbul"]
[Date "2018.09.05"]
[Round "6"]
[White "Bayramov, Araz"]
[Black "Gezici, Omer Ata"]
[Result "1/2-1/2"]
[ECO "D02"]
[WhiteElo "1750"]
[BlackElo "1736"]
[Annotator "NA RC"]
[PlyCount "103"]
[EventDate "2018.09.02"]
[EventType "swiss"]
[EventCountry "TUR"]
[SourceTitle "playchess.com"]
[Source "ChessBase"]
[SourceQuality "1"]
[TimeControl "5400+30"]

1. d4 d5 2. Bf4 Nf6 3. Nf3 c5 4. e3 Nc6 5. c3 Qb6 6. b3 Bf5 7. Bd3 Bxd3 8. Qxd3 e6 9. O-O Be7 10. Nbd2 O-O 11. Ne5 cxd4 12. exd4 Nxe5 13. Bxe5 Rac8 14. Rfe1 Nd7 15. Bf4 Qa5 16. c4 Bf6 17. Nf3 Qa6 18. Rec1 Nb6 19. Nd2 Rfd8 20. Be3 e5 21. dxe5 Bxe5 22. Bxb6 Qxb6 23. Rab1 Bf4 24. cxd5 Rxc1+ 25. Rxc1 Qh6 26. Rc2 Qxh2+ 27. Kf1 Qh1+ 28. Ke2 Qxg2 29. Qe4 Qxe4+ 30. Nxe4 f5 31. Kf3 Be5 32. Ng3 f4 33. Ne2 g5 34. Ke4 Bd6 35. Kf5 Be7 36. Ke6 Kf8 37. Nd4 Rd6+ 38. Ke5 Ra6 39. Rc8+ Kf7 40. Rc7 Ke8 41. Nf5 Bf6+ 42. Ke4 h5 43. d6 Ra5 44. Ng7+ Bxg7 45. Rxg7 b6 46. a4 Kd8 47. f3 Rc5 48. Rxa7 Rc3 49. Rg7 Re3+ 50. Kd5 Rxf3 51. Rxg5 h4 52. Kd4 1/2-1/2

[Event "Istanbul Open 2018"]
[Site "Istanbul"]
[Date "2018.09.05"]
[Round "6"]
[White "Ocakacan, Deniz"]
[Black "Hakkaki Fard, Pedram"]
[Result "1/2-1/2"]
[ECO "C42"]
[WhiteElo "1650"]
[BlackElo "1815"]
[Annotator "NA RC"]
[PlyCount "101"]
[EventDate "2018.09.02"]
[EventType "swiss"]
[EventCountry "TUR"]
[SourceTitle "playchess.com"]
[Source "ChessBase"]
[SourceQuality "1"]
[TimeControl "5400+30"]

1. e4 e5 2. Nf3 Nf6 3. Nxe5 d6 4. Nf3 Nxe4 5. Qe2 Qe7 6. Nc3 Nxc3 7. dxc3 Bf5 {[%emt 0:03:30] C42: Russische Verteidigung (Petrow)} (7... Qxe2+ 8. Bxe2 Nc6 9. Be3 Be7 10. O-O-O O-O 11. Rhe1 Bf6 12. Nd2 Re8 13. Bf3 Ne5 14. Bf4 Kf8 15. Bd5 c6 16. Bb3 {0-1 (66) Kramnik,V (2800)-Caruana,F (2784) Berlin 2018}) 8. Be3 a6 $146 ({Vorgänger:} 8... Nc6 9. O-O-O O-O-O 10. g3 Qe6 11. Kb1 Be7 12. Bg2 Be4 13. Rhe1 Rhe8 14. Qf1 Qg6 15. Nd4 Bxg2 16. Qxg2 {1-0 (40) Mrozowski,P (2017)-Ruhlmann,H (1833) Krakow 2017}) 9. O-O-O Nc6 10. Nd4 Nxd4 11. Bxd4 Qxe2 12. Bxe2 O-O-O 13. Rhe1 h5 14. h3 h4 15. Bf3 d5 16. Be3 Be4 17. Bg4+ f5 18. Bg5 Rd6 19. f3 fxg4 20. fxe4 Rh5 21. Rf1 Rxg5 22. Rxf8+ Kd7 23. exd5 gxh3 24. gxh3 Rg3 25. Rf7+ Kc8 26. Rd3 Rdg6 27. Rdf3 Rg2 28. Re3 ({Lieber} 28. Rf8+ $16 Kd7 29. R3f7+ Kd6 30. Rd8+ Ke5 31. Re7+ Kf5 32. Rf8+ (32. Rxc7 R6g3 $14) 32... Rf6 33. Rxf6+ Kxf6 34. Rxc7) 28... Rg1+ 29. Kd2 R6g2+ 30. Kd3 Rg3 $1 31. Kd4 Rd1+ 32. Ke4 g5 33. Rg7 Rdg1 34. c4 R1g2 35. Rxg3 Rxg3 36. Kf5 (36. Rg8+ $16 Kd7 37. Rg7+ Kd8 38. Rg8+ Kd7 39. Rg7+ Kd8 40. c5) 36... Rxh3 37. Rxg5 Rh2 38. Rh5 Rxc2 39. b3 Rxa2 40. Rxh4 Rb2 41. Rh3 b6 42. Ke4 a5 43. Kd4 Rc2 44. Rh7 Rc1 45. Rh8+ Kb7 46. Rd8 a4 47. bxa4 Ra1 48. Kc3 Rxa4 49. Kb3 Ra1 $11 50. Re8 Rd1 51. Re7 1/2-1/2

[Event "Istanbul Open 2018"]
[Site "Istanbul"]
[Date "2018.09.05"]
[Round "6"]
[White "Pektas, Gokdeniz"]
[Black "Ersoy, Emre"]
[Result "1-0"]
[ECO "E39"]
[WhiteElo "1602"]
[BlackElo "1557"]
[Annotator "NA RC"]
[PlyCount "101"]
[EventDate "2018.09.02"]
[EventType "swiss"]
[EventCountry "TUR"]
[SourceTitle "playchess.com"]
[Source "ChessBase"]
[SourceQuality "1"]
[TimeControl "5400+30"]

1. d4 e6 2. c4 Nf6 3. Nc3 Bb4 4. Qc2 c5 5. dxc5 Nc6 6. Nf3 O-O 7. Bf4 Bxc5 8. a3 a6 9. Rd1 h6 10. b4 Be7 11. e4 a5 12. b5 Nb8 13. Bc1 Qc7 14. e5 Ne8 15. Bd3 d6 16. exd6 Bxd6 17. Ne4 Be7 18. O-O b6 19. Bb2 Bb7 20. Be5 Qc8 21. a4 Nd7 22. Bg3 f5 23. Ned2 f4 24. Nb1 fxg3 25. Bh7+ Kh8 26. Rxd7 gxh2+ 27. Kh1 Qxd7 28. Ne5 Qc7 29. Ng6+ Kxh7 30. Nxf8+ Kg8 31. Nxe6 Qe5 32. Qg6 Qf6 33. Qxf6 Bxf6 34. Kxh2 Nd6 35. c5 bxc5 36. Nxc5 Be4 37. Nd2 Bg6 38. Ndb3 Bc3 39. Rd1 Ne4 40. Nxe4 Bxe4 41. Nc5 Bg6 42. b6 Be5+ 43. f4 Bxf4+ 44. g3 Be3 45. Nd7 Rd8 46. Nf6+ gxf6 47. Rxd8+ Kf7 48. b7 Ba7 49. Ra8 Be4 50. Rxa7 Ke6 51. b8=Q 1-0

[Event "Istanbul Open 2018"]
[Site "Istanbul"]
[Date "2018.09.05"]
[Round "6"]
[White "Gulceken, Sumeyye"]
[Black "Acar, Cengiz Can"]
[Result "1-0"]
[ECO "D45"]
[WhiteElo "1549"]
[BlackElo "1755"]
[Annotator "NA"]
[PlyCount "67"]
[EventDate "2018.09.02"]
[EventType "swiss"]
[EventCountry "TUR"]
[SourceTitle "playchess.com"]
[Source "ChessBase"]
[SourceQuality "1"]
[TimeControl "5400+30"]

1. d4 d5 2. c4 c6 3. Nc3 Nf6 4. Nf3 e6 5. e3 Nbd7 6. a4 a5 7. Bd3 Bd6 8. e4 dxe4 9. Nxe4 Nxe4 10. Bxe4 Bb4+ 11. Bd2 Bxd2+ 12. Qxd2 Nf6 13. Bc2 h6 14. O-O b6 15. Rfe1 Qd6 16. h3 Bb7 17. Rad1 g5 18. Ne5 Rg8 19. c5 Qc7 20. Nc4 bxc5 21. dxc5 Nd5 22. Nd6+ Kf8 23. h4 Ba6 24. Re5 Rb8 25. hxg5 hxg5 26. Rxg5 Qe7 27. Rxg8+ Kxg8 28. Qh6 Qf6 29. Bh7+ Kh8 30. Nxf7+ Qxf7 31. Bg6+ Kg8 32. Bxf7+ Kxf7 33. Qh7+ Kf6 34. Qa7 1-0

[Event "Istanbul Open 2018"]
[Site "Istanbul"]
[Date "2018.09.05"]
[Round "6"]
[White "Tepeli, Huseyin"]
[Black "Kocer, Ahmet Doruk"]
[Result "0-1"]
[ECO "B73"]
[WhiteElo "1529"]
[BlackElo "1635"]
[Annotator "NA"]
[PlyCount "42"]
[EventDate "2018.09.02"]
[EventType "swiss"]
[EventCountry "TUR"]
[SourceTitle "playchess.com"]
[Source "ChessBase"]
[SourceQuality "1"]
[TimeControl "5400+30"]

1. e4 c5 2. Nf3 d6 3. d4 cxd4 4. Nxd4 Nf6 5. Nc3 g6 6. Be2 Bg7 7. O-O O-O 8. Be3 Nc6 9. h3 Bd7 10. Qd2 Rc8 11. f4 a6 12. Rad1 b5 13. Nxc6 Bxc6 14. Bf3 b4 15. Nd5 Nxd5 16. exd5 Bb5 17. Rf2 Bxb2 18. Qxb4 Bc3 19. Qb3 Qa5 20. Bd4 Bxd4 21. Rxd4 Qe1+ 0-1

[Event "Istanbul Open 2018"]
[Site "Istanbul"]
[Date "2018.09.06"]
[Round "7"]
[White "Abishli, Oghuz"]
[Black "Akin, Yagiz Cinar"]
[Result "0-1"]
[ECO "A42"]
[WhiteElo "2099"]
[BlackElo "1963"]
[Annotator "NA RC"]
[PlyCount "160"]
[EventDate "2018.09.02"]
[EventType "swiss"]
[EventCountry "TUR"]
[SourceTitle "playchess.com"]
[Source "ChessBase"]
[SourceQuality "1"]
[TimeControl "5400+30"]

1. d4 g6 2. c4 Bg7 3. Nc3 d6 4. e4 e5 5. d5 Nd7 6. Be2 Ne7 7. h4 {[%emt 0:00:30] A42: Moderne Verteidigung (mit c2-c4/ohne Sf6)} h6 (7... h5 8. Nh3 a5 9. Be3 Bh6 10. Bxh6 Rxh6 11. Qd2 Rh8 12. O-O-O Kf8 13. Ng5 Ng8 14. Rdf1 Kg7 {1-0 (25) Bai,J (2594)-Gao,R (2561) Tianjin 2018}) 8. h5 g5 9. g4 a5 $146 ({Vorgänger:} 9... O-O 10. f3 a5 11. Nh3 f6 12. Nf2 Nc5 13. O-O c6 14. Be3 Na6 {1-0 (45) Mont Reynaud,J (2282)-Pizarro,P (2164) ICC INT 2000}) 10. Be3 b6 11. Nf3 Nf6 12. Nd2 O-O 13. f3 Nd7 14. a3 c5 15. Nf1 Nf6 16. Ng3 Ne8 17. Bf1 Nc7 18. Rh2 Bd7 19. Rb1 Na6 20. b3 f6 21. Rhb2 Rb8 22. Qd2 Rb7 23. Na2 Qa8 24. Bd3 Rfb8 25. Nc3 Ra7 26. Nb5 Bxb5 27. cxb5 Nc7 28. b4 axb4 29. axb4 Ne8 30. Bc4 Ra4 31. Ra2 Rxa2 32. Qxa2 Qxa2 33. Bxa2 Kf8 34. Rd1 Ra8 35. Rd2 Ra3 36. Kf2 f5 37. gxf5 Nc8 38. Bc4 Bf6 39. Ne2 Ke7 40. Rb2 cxb4 41. Rxb4 Kd7 42. Bc1 Ra8 43. Bd3 Ra2 44. Bc4 Ra8 45. Rb2 Nc7 46. Be3 Ra4 47. Bd3 Ra3 48. Nc1 Nxd5 $1 49. exd5 e4 50. Ra2 Rxa2+ 51. Nxa2 exd3 52. Nb4 Na7 53. f4 g4 54. Nxd3 Nxb5 55. Bxb6 Nc3 56. Nb4 Ne4+ 57. Kg2 Bc3 58. Nc2 Nf6 59. Kg3 Nxd5 60. Bf2 Nf6 61. Ne3 $2 (61. Kh4 $11 {and White has nothing to worry.}) 61... Ne4+ 62. Kxg4 Nxf2+ 63. Kf3 Nd3 64. Ng4 Bg7 65. Ke4 Nc5+ 66. Kd5 Nd3 67. Ke4 Nc5+ 68. Kd5 Na4 69. f6 Bf8 70. f5 Nc3+ 71. Kc4 Ne4 72. Kd5 Ng3 73. f7 Nxh5 74. f6 Ng3 75. Nh2 h5 76. Nf3 Nf5 77. Ng5 Nh4 78. Ke4 Bh6 79. Nh7 Ng6 80. Kf5 {[%emt 0:00:52] [#]} Nf8 0-1

[Event "Istanbul Open 2018"]
[Site "Istanbul"]
[Date "2018.09.06"]
[Round "7"]
[White "Guven, Oguz Kagan"]
[Black "Eryigit, Yakup"]
[Result "1/2-1/2"]
[ECO "B42"]
[WhiteElo "2022"]
[BlackElo "2030"]
[Annotator "NA RC"]
[PlyCount "100"]
[EventDate "2018.09.02"]
[EventType "swiss"]
[EventCountry "TUR"]
[SourceTitle "playchess.com"]
[Source "ChessBase"]
[SourceQuality "1"]
[TimeControl "5400+30"]

1. e4 c5 2. Nf3 e6 3. d4 cxd4 4. Nxd4 a6 5. Bd3 Nf6 6. O-O Qc7 7. c4 Nc6 8. Nxc6 dxc6 9. Bg5 {[%emt 0:02:30] B42: Sicilian: Kan Variation: 5 Bd3} (9. Be3 e5 10. f3 Be6 11. c5 Nd7 12. Qc2 Be7 13. Nd2 a5 14. Be2 O-O 15. b3 Rfd8 16. Rfd1 h6 17. a3 Bg5 18. Bf2 {0-1 (50) Dvoirys,S (2569)-Bocharov,D (2618) Irkutsk 2010}) 9... Bc5 10. Nc3 e5 11. Rb1 $146 ({Predecessor:} 11. h3 Be6 12. Qe2 h6 13. Be3 Nd7 14. Na4 Bxe3 15. Qxe3 b6 16. b4 O-O 17. a3 Rfd8 18. Rad1 {0-1 (36) Qin,O (1495)-Gong,D (2295) Auckland 2017}) 11... Bg4 12. Qc2 Qe7 13. Be2 Be6 14. Na4 Bd4 15. b4 O-O 16. c5 h6 17. Bh4 g5 18. Bg3 Kg7 19. Nb6 Rad8 20. Bc4 h5 21. h3 h4 22. Bh2 g4 23. hxg4 Nxg4 24. Rb3 Rh8 25. Bxe6 fxe6 26. Nc4 Rdf8 27. Ne3 Bxe3 28. Rxe3 Nxe3 29. Bxe5+ Kg8 30. fxe3 Rxf1+ 31. Kxf1 Rh5 32. Bd6 Qf6+ 33. Kg1 h3 34. gxh3 Rg5+ 35. Kh2 {[%emt 0:00:19] [#]} e5 $1 ({Less strong is} 35... Qf1 36. Bg3 $17) 36. Qe2 Rg7 37. a3 Rg6 38. Qc4+ (38. Bb8 $142 Kf8 39. Bd6+ Ke8 40. Qb2) 38... Kg7 39. Qe2 Rg5 (39... b5 $142 40. Bc7 Kf8) 40. a4 Kf7 41. Qa2+ {[%emt 0:01:12] [#]} Ke8 $1 42. b5 cxb5 43. axb5 {[%emt 0:00:01] [#]} a5 $1 44. b6 {[%emt 0:00:34] [#]} Rg7 $2 ({Günstiger ist} 44... Kd8 $1 $19 45. Qd2 Kc8) 45. Qa4+ $1 Rd7 (45... Kd8 $5 46. Bc7+ $8 Ke7 47. Bd6+ Kf7 48. Qd7+ Kg6 49. Qe8+ Qf7 50. Qxe5 Qf2+ 51. Kh1 a4 $11) 46. Qxa5 Qf2+ 47. Kh1 Qf3+ 48. Kh2 Qf2+ 49. Kh1 Qf3+ 50. Kh2 Qf2+ $11 1/2-1/2